Map: Подводный мир РВ

Players

BuRning

  • Race: Terran Terran
  • Spawn Location: 5:00

ИИ 1 (боец) - Winner!

  • Race: Protoss Protoss
  • Spawn Location: 11:00

VOD

Have the link to the VOD?

Description

Time

  • Played on: June 13, 2020, 9:57 a.m.
  • Length: 8:23
Show
View Real Time Build Order
Export as new Build Order

BuRning Terran 

Build Orders: Reaper Expand 

Get SALT Encoding   

  12  0:01  SCV  
  13  0:13  SCV  
  14  0:17  Supply Depot  
  14  0:25  SCV  
  15  0:39  SCV  
  15  0:41  Barracks  
  16  0:44  Refinery  
  16  0:51  SCV  
  17  1:03  SCV  
  18  1:15  SCV  
  19  1:27  Reaper  
  19  1:28  Orbital Command  
  20  1:40  Command Center  
  20  1:51  Supply Depot  
  20  1:53  SCV  
  21  1:59  Marine  
  22  2:06  SCV  
  23  2:13  Bunker  
  23  2:16  Factory  
  23  2:18  SCV  
  23  2:22  Barracks Reactor  
  24  2:30  SCV  
  25  2:39  Refinery  
  25  2:42  SCV  
  26  2:54  SCV, Orbital Command  
  27  3:00  Marine x2  
  27  3:01  Starport  
  29  3:07  SCV  
  29  3:10  Factory Tech Lab  
  30  3:19  SCV x2  
  32  3:22  Marine x2  
  34  3:31  SCV  
  34  3:32  SCV  
  36  3:41  Marine x2  
  36  3:43  Factory Tech Lab, SCV  
  36  3:48  Raven  
  41  3:49  Barracks, SCV  
  41  3:52  Supply Depot  
  41  3:55  SCV  
  43  3:57  Barracks  
  43  3:59  Marine  
  43  4:00  Marine  
  43  4:01  SCV  
  46  4:10  Engineering Bay  
  46  4:12  Supply Depot  
  46  4:14  SCV x2, Siege Tank  
  46  4:16  Marine  
  51  4:17  Refinery  
  51  4:19  Marine  
  53  4:26  SCV  
  54  4:33  SCV  
  54  4:34  Marine  
  54  4:36  Terran Infantry Weapons Level 1  
  54  4:38  SCV  
  57  4:43  Supply Depot  
  57  4:44  Marine  
  58  4:46  SCV  
  58  4:47  Stimpack  
  58  4:49  Marauder  
  58  4:50  SCV  
  62  4:56  Refinery  
  62  4:58  Starport Reactor  
  62  5:01  Supply Depot  
  62  5:04  SCV, Marine x2  
  62  5:05  Marauder  
  62  5:06  Supply Depot  
  62  5:07  Factory Reactor  
  67  5:09  SCV  
  68  5:17  Marauder  
  70  5:22  Combat Shield  
  70  5:23  SCV x2  
  70  5:24  Supply Depot  
  70  5:25  Supply Depot, Marine x2  
  74  5:33  Marauder  
  75  5:36  SCV  
  75  5:39  Medivac  
  75  5:42  Medivac  
  80  5:44  Marauder, Marine x2  
  80  5:47  Supply Depot  
  80  5:48  Widow Mine x2  
  88  5:54  Marauder  
  90  5:59  Supply Depot  
  90  6:02  Marine x2  
  90  6:06  Marauder, SCV x2  
  94  6:12  Widow Mine x2  
  98  6:20  Marine x2  
  98  6:21  Marauder, Medivac x2  
  106  6:27  Marauder  
  108  6:36  Supply Depot, Widow Mine  
  108  6:38  Marine  
  111  6:40  Command Center  
  111  6:42  Marauder  
  111  6:45  Marine  
  111  6:46  Concussive Shells  
  114  6:47  SCV  
  115  6:59  Marine  
  115  7:00  Supply Depot, Marine  
  117  7:04  Marauder, Marine  
  120  7:11  Barracks  
  120  7:12  Barracks  
  120  7:15  SCV  
  120  7:16  SCV  
  120  7:19  Marine  
  120  7:20  Marine  
  124  7:23  Supply Depot  
  124  7:28  SCV x2  
  126  7:35  Marine  
  126  7:36  Marauder  
  128  7:37  Marine  
  128  7:39  Marine  
  128  7:40  SCV  
  128  7:41  SCV  
  128  7:53  Marine  
  128  7:54  Widow Mine x2, Orbital Command  
  128  7:55  Marine  
  128  7:56  SCV  
  128  7:57  Marauder, SCV  
  128  7:58  Marauder  
  144  8:00  Barracks Tech Lab  
  144  8:01  Barracks Reactor  
  144  8:08  SCV  
  144  8:10  SCV, Ghost Academy  
Show
View Real Time Build Order
Export as new Build Order

ИИ 1 (боец) Protoss - Winner!

Build Orders:  

Get SALT Encoding   

  12  0:00  Probe  
  13  0:13  Probe  
  14  0:19  Pylon  
  14  0:25  Probe  
  15  0:34  Probe  
  15  0:42  Probe  
  16  0:47  Assimilator  
  17  0:51  Gateway  
  17  0:52  Probe  
  18  0:59  Pylon  
  18  1:27  Gateway  
  18  1:33  Assimilator  
  18  1:41  Cybernetics Core  
  18  1:45  Zealot  
  20  2:04  Pylon, Zealot  
  22  2:17  Warp Gate  
  22  2:22  Adept  
  24  2:34  Adept  
  26  2:48  Adept, Probe  
  27  2:53  Pylon  
  29  3:00  Probe  
  29  3:04  Adept  
  32  3:12  Stalker, Probe  
  33  3:18  Forge  
  35  3:24  Probe  
  36  3:34  Adept  
  36  3:36  Probe  
  40  3:48  Probe  
  40  4:22  Probe  
  40  5:20  Probe  
  40  5:23  Stalker  
  40  5:25  Photon Cannon  
  40  5:27  Photon Cannon  
  43  5:28  Pylon  
  43  5:31  Robotics Facility  
  43  5:34  Stargate  
  43  5:35  Sentry  
  43  5:37  Twilight Council  
  43  5:42  Gateway  
  45  5:46  Probe  
  45  5:47  Stalker  
  48  5:51  Pylon  
  48  6:00  Stalker  
  34  6:12  Stalker  
  34  6:14  Forge  
  36  6:19  Observer  
  36  6:23  Nexus  
  36  6:24  Sentry  
  39  6:36  Stalker  
  39  6:37  Probe  
  41  6:41  Observer  
  42  6:48  Zealot  
  42  7:01  Zealot  
  34  7:08  Zealot  
  36  7:10  Nexus  
  34  7:20  Adept  
  29  7:31  Zealot  
  30  7:38  Zealot  
  25  7:46  Zealot  
  24  7:53  Zealot  
Tags
 
Add a new tag
Caveats
  • Supply blocks, unpowered buildings, or Contaminate may cause inaccurate times.
  • Supply counts are checked every 10 seconds.